Map: Simulacrum LE

Players

Blinky

  • Race: Protoss Protoss
  • League: Master
  • Spawn Location: 11:00

BerryRAWR - Winner!

  • Race: Terran Terran
  • League: Grandmaster
  • Spawn Location: 5:00

VOD

Have the link to the VOD?

Description

Time

  • Played on: Feb. 26, 2020, 11:39 p.m.
  • Length: 5:02
Show
View Real Time Build Order
Export as new Build Order

Blinky Protoss 

Build Orders: 1 Gate Expand, Phoenix Opening 

Get SALT Encoding   

  12  0:00  Probe  
  13  0:13  Probe  
  14  0:17  Pylon  
  14  0:25  Probe (Chrono Boost)  
  16  0:37  Probe (Chrono Boost)  
  16  0:38  Gateway  
  16  0:41  Probe (Chrono Boost)  
  16  0:46  Assimilator  
  17  0:52  Probe (Chrono Boost)  
  18  1:04  Probe (Chrono Boost)  
  19  1:13  Probe (Chrono Boost)  
  20  1:22  Nexus  
  20  1:31  Cybernetics Core  
  20  1:34  Probe  
  21  1:41  Pylon  
  21  1:45  Assimilator  
  21  1:53  Zealot (Chrono Boost)  
  23  2:09  Probe  
  23  2:10  Warp Gate  
  24  2:17  Adept (Chrono Boost)  
  24  2:19  Robotics Facility  
  26  2:23  Pylon  
  26  2:31  Probe  
  27  2:38  Probe (Chrono Boost)  
  28  2:47  Sentry  
  28  2:50  Probe (Chrono Boost)  
  28  2:51  Probe (Chrono Boost)  
  33  3:00  Probe (Chrono Boost)  
  33  3:01  Probe (Chrono Boost)  
  34  3:10  Probe  
  33  3:16  Warp Prism (Chrono Boost)  
  34  3:26  Probe  
  34  3:31  Phoenix  
  34  3:35  Probe (Chrono Boost)  
  34  3:40  Probe (Chrono Boost)  
  36  3:47  Probe (Chrono Boost)  
  37  3:50  Gateway  
  37  3:52  Gateway  
  37  3:53  Observer  
  38  3:58  Probe (Chrono Boost)  
  38  4:00  Stalker  
  40  4:09  Probe  
  41  4:15  Nexus  
  41  4:20  Probe  
  41  4:23  Sentry  
  44  4:25  Probe  
  44  4:30  Observer  
  46  4:32  Probe  
  46  4:34  Pylon  
  46  4:37  Probe  
  48  4:45  Adept  
  51  4:46  Adept  
  51  4:52  Adept  
Show
View Real Time Build Order
Export as new Build Order

BerryRAWR Terran - Winner!

Build Orders:  

Get SALT Encoding   

  12  0:00  SCV  
  13  0:12  SCV  
  14  0:17  Supply Depot  
  14  0:28  SCV  
  14  0:33  Refinery  
  15  0:40  SCV  
  16  0:45  Barracks  
  16  0:53  SCV  
  17  1:05  SCV  
  18  1:17  SCV  
  20  1:32  Orbital Command, Reaper  
  20  1:44  Command Center  
  20  1:55  Factory  
  20  1:58  SCV  
  21  2:10  SCV  
  21  2:11  Barracks Reactor  
  21  2:13  Supply Depot  
  22  2:17  Refinery  
  22  2:22  SCV  
  23  2:34  SCV  
  24  2:45  Starport  
  24  2:46  SCV  
  24  2:47  Marine x2  
  24  2:51  Factory Tech Lab  
  27  2:57  Orbital Command  
  27  3:02  SCV  
  27  3:05  Marine x2  
  30  3:17  Siege Tank  
  33  3:23  Marine  
  33  3:26  Marine  
  35  3:28  Viking  
  35  3:30  SCV x2  
  39  3:36  Supply Depot  
  39  3:41  Marine  
  40  3:43  Marine  
  40  3:47  SCV  
  42  3:48  SCV  
  42  3:50  Siege Tank  
  46  3:58  Marine  
  46  4:00  SCV  
  46  4:01  SCV  
  49  4:09  Engineering Bay  
  49  4:12  SCV  
  49  4:13  SCV, Viking  
  49  4:14  Marine  
  49  4:16  Marine  
  54  4:32  SCV x2  
  54  4:36  Supply Depot  
  59  4:40  Marine x2  
  59  4:44  SCV  
Tags
 
Add a new tag
Caveats
  • Supply blocks, unpowered buildings, or Contaminate may cause inaccurate times.
  • Supply counts are checked every 10 seconds.